 Dungeon Crawl Stone Soup version 0.20-a0-465-g6513c8f (webtiles) character file.

7250 dobroeutro the Basher (level 11, 0/67 HPs)
             Began as a Gargoyle Fighter on Jan 12, 2017.
             Was a Priest of Okawaru.
             Slain by a two-headed ogre
             ... wielding a +0 giant club
              (3 damage)
             ... on level 9 of the Dungeon.
             The game lasted 00:12:39 (7355 turns).

dobroeutro the Basher (Gargoyle Fighter)            Turns: 7355, Time: 00:12:39

Health: 0/67       AC: 29    Str: 22    XL:     11   Next: 12%
Magic:  20/20      EV:  8    Int: 13    God:    Okawaru [***...]
Gold:   457        SH: 10    Dex: 10    Spells: 10/10 levels left

rFire  . . .     SeeInvis .     E - +2 mace
rCold  . . .     Gourm    .     J - +4 chain mail
rNeg   + . .     Faith    .     c - +0 shield
rPois  ∞         Spirit   .     C - +0 helmet
rElec  +         Reflect  .     y - +2 cloak of Sihith {MP+9 Int+4}
rCorr  .         Harm     .     (no gloves)
MR     +....                    (no boots)
Stlth  ..........               (no amulet)
                                h - +3 ring of protection
                                l - ring of protection from magic

@: no status effects
A: negative energy resistance 1, electricity resistance, unbreathing,
petrification resistance, rot immunity, AC +7
a: Heroism, Renounce Religion


You were on level 9 of the Dungeon.
You worshipped Okawaru.
Okawaru was most pleased with you.
You were very hungry.

You visited 2 branches of the dungeon, and saw 10 of its levels.
You also visited: Sewer.

You collected 457 gold pieces.

Inventory:

Hand Weapons
 a - a +0 flail
 E - a +2 mace (weapon)
Armour
 c - a +0 shield (worn)
 y - the +2 cloak of Sihith (worn) {MP+9 Int+4}
   (You found it on level 4 of the Dungeon)

   It affects your intelligence (+4).
   It affects your magic capacity (+9).
 C - a +0 helmet (worn)
 J - a +4 chain mail (worn)
Jewellery
 h - a +3 ring of protection (right hand)
 l - a ring of protection from magic (left hand)
 L - an uncursed ring of protection from magic
 O - an uncursed ring of fire {unknown}
Wands
 s - a wand of polymorph (18/24)
 z - a wand of iceblast (8/15)
 D - a wand of flame (20/48)
 K - a wand of polymorph (7/24)
Scrolls
 e - 13 scrolls of identify
 j - a scroll of fog
 q - a scroll of enchant armour {unknown}
 t - 4 scrolls of recharging
 v - 4 scrolls of remove curse
 A - a scroll of enchant weapon {unknown}
 F - 2 scrolls of teleportation
 H - a scroll of vulnerability {unknown}
 I - 2 scrolls of magic mapping {unknown}
Potions
 b - a potion of ambrosia {unknown}
 d - 4 potions of might
 g - 2 potions of agility
 k - a potion of haste
 n - a potion of lignification {unknown}
 o - 4 potions of curing
 p - 3 potions of flight
 r - a potion of cure mutation {unknown}
 u - 4 potions of heal wounds
 w - 2 potions of magic {unknown}
 x - a potion of berserk rage {unknown}
 G - 3 potions of invisibility {unknown}
 M - 2 potions of degeneration {unknown}
 N - a potion of resistance {unknown}
Comestibles
 f - 9 bread rations
 i - 9 slices of pizza
 m - 2 meat rations
 B - 5 beef jerkies


   Skills:
 + Level 7.2 Fighting
 * Level 12.2 Maces & Flails
 + Level 6.7 Armour
 + Level 4.8 Dodging
 + Level 6.9 Shields


You had 10 spell levels left.
You didn't know any spells.

Dungeon Overview and Level Annotations

Branches:
Dungeon (9/15)             Temple (1/1) D:6
   Lair: D:8-11         Orc: D:9-12

Altars:
Ashenzari
Cheibriados
Dithmenos
Elyvilon
Fedhas
Gozag
Hepliaklqana
Kikubaaqudgha
Makhleb
Nemelex Xobeh
Okawaru
Qazlal
Ru
Sif Muna
Trog
Uskayaw
Vehumet
Yredelemnul
Zin
The Shining One

Shops:
D:4 [   D:7 %   D:8 %


Innate Abilities, Weirdness & Mutations

You are resistant to torment.
Your stone body is resilient. (AC +7)
You are immune to poison.
You resist negative energy. (rN+)
You are resistant to electric shocks. (rElec)
You can survive without breathing.
You are immune to petrification.
You are immune to rotting.


Message History

The two-headed ogre is severely wounded.
The two-headed ogre hits you but does no damage.
You block the two-headed ogre's attack.
You hit the two-headed ogre.
The two-headed ogre is severely wounded.
You block the two-headed ogre's attack.
The two-headed ogre hits you but does no damage.
You hit the two-headed ogre.
The two-headed ogre is almost dead.
You hit the two-headed ogre but do no damage.
The two-headed ogre is almost dead.
The two-headed ogre hits you with a giant club.
* * * LOW HITPOINT WARNING * * *
The two-headed ogre hits you but does no damage.
You thump the two-headed ogre!
The two-headed ogre is almost dead.
You completely miss the two-headed ogre.
The two-headed ogre is almost dead.
The two-headed ogre hits you with a giant club.
You die...

#.# #.# #≈ #.# #.#
+...#####.###.###
#≈≈...<.........#
##≈######.#...#.##
# ###.##.#...#
≈≈≈## #......#...#
......#.#.####...#
.........†.O@....#
#####.#.#.#####..#
...#.#.#......#
... ..#.#.####.#
### ####.#.# #.#
..#.# #.#
###.####.#
#......# ########


You could see a two-headed ogre.

Vanquished Creatures
  The ghost of beholder the Hasty, a novice BaSk of Cheibriados (D:4)
  Psyche (D:8)
  The ghost of dobroeutro the Cudgeler, a novice GrFi (D:3)
  Prince Ribbit (D:8)
  A hippogriff (D:7)
  Sigmund (D:4)
  4 yaks
  4 hogs (D:7)
  A human (D:7)
  Eustachio (D:4)
  Menkaure (D:5)
  A water moccasin (D:8)
  4 ice beasts
  An orc warrior (D:8)
  2 black bears
  2 ogres
  2 phantoms (D:7)
  6 centaurs
  2 big kobolds
  A bullfrog (D:6)
  4 scorpions
  A wyvern skeleton (D:7)
  16 killer bees
  4 wights (D:6)
  A howler monkey (D:4)
  5 crimson imps
  A quasit (D:8)
  3 hounds
  2 bullfrog skeletons
  3 jellies
  6 orc priests
  Natasha (thrice) (D:2)
  6 orc wizards
  7 worker ants
  A worker ant zombie (D:5)
  A howler monkey skeleton (D:6)
  A howler monkey zombie (D:7)
  12 adders
  4 river rats
  A shadow imp (D:8)
  An ooze (D:3)
  An adder skeleton (D:6)
  2 adder zombies
  3 worms (D:3)
  3 dart slugs
  3 leopard geckos
  30 orcs
  A ball python (D:5)
  5 giant cockroaches
  7 goblins
  9 hobgoblins
  7 jackals
  14 kobolds
  5 quokkas
  5 bats
  6 frilled lizards
  A leopard gecko zombie (D:8)
  7 rats
230 creatures vanquished.

Notes
Turn   | Place    | Note
-------+----------+-------------------------------------------
     0 | D:1      | dobroeutro the Gargoyle Fighter began the quest for the Orb.
     0 | D:1      | Reached XP level 1. HP: 14/14 MP: 1/1
   101 | D:1      | Reached XP level 2. HP: 8/19 MP: 2/2
   158 | D:1      | Reached skill level 3 in Maces & Flails
   379 | D:1      | Reached XP level 3. HP: 23/23 MP: 3/3
   936 | D:2      | Noticed Natasha
   950 | D:2      | Killed Natasha
   950 | D:2      | Reached skill level 4 in Maces & Flails
   950 | D:2      | Reached XP level 4. HP: 20/28 MP: 4/4
  1203 | D:2      | Noticed Natasha
  1208 | D:2      | Killed Natasha
  1362 | D:2      | Noticed Natasha
  1374 | D:2      | Killed Natasha
  1374 | D:2      | Reached skill level 5 in Maces & Flails
  1374 | D:2      | Reached XP level 5. HP: 29/32 MP: 5/5
  1503 | D:3      | Noticed dobroeutro's ghost (novice GrFi)
  1813 | D:3      | Killed dobroeutro's ghost
  1813 | D:3      | Reached skill level 7 in Maces & Flails
  1813 | D:3      | Reached XP level 6. HP: 9/37 MP: 6/6
  1916 | D:3      | Reached XP level 7. HP: 22/41 MP: 7/7
  1954 | D:3      | Found a glowing drain.
  2008 | Sewer    | Entered a sewer
  2141 | Sewer    | Reached skill level 8 in Maces & Flails
  2192 | Sewer    | Found a white marble altar of Elyvilon.
  2457 | D:4      | Noticed beholder's ghost (novice BaSk)
  2459 | D:4      | Got a scorched cloak
  2486 | D:3      | Identified the +2 cloak of Sihith {MP+9 Int+4} (You found it on level 4 of the Dungeon)
  2514 | D:4      | Killed beholder's ghost
  2514 | D:4      | Reached skill level 9 in Maces & Flails
  2514 | D:4      | Reached XP level 8. HP: 42/46 MP: 8/8
  2672 | D:4      | Noticed Eustachio
  2718 | D:4      | Killed Eustachio
  2718 | D:4      | Reached skill level 1 in Dodging
  2744 | D:4      | Found Seac's Antique Armour Emporium.
  2823 | D:4      | Noticed Sigmund
  2836 | D:4      | Killed Sigmund
  2836 | D:4      | Reached skill level 10 in Maces & Flails
  3144 | D:5      | Entered Level 5 of the Dungeon
  3389 | D:5      | Reached XP level 9. HP: 37/52 MP: 9/9
  3709 | D:5      | Found a snail-covered altar of Cheibriados.
  3941 | D:5      | Noticed Menkaure
  3953 | D:5      | Killed Menkaure
  4066 | D:6      | Found a staircase to the Ecumenical Temple.
  4092 | D:6      | Reached skill level 5 in Fighting
  4093 | D:6      | Reached skill level 5 in Shields
  4103 | D:6      | Reached skill level 5 in Armour
  4118 | Temple   | Entered the Ecumenical Temple
  4154 | Temple   | Became a worshipper of Warmaster Okawaru
  4471 | D:6      | Reached skill level 11 in Maces & Flails
  4499 | D:6      | Got a polished trident
  4820 | D:6      | Reached XP level 10. HP: 60/60 MP: 10/10
  5029 | D:7      | Reached * piety under Okawaru
  5309 | D:7      | Found Gogo's Food Emporium.
  5632 | D:7      | Reached ** piety under Okawaru
  5869 | D:8      | Found Zoschaun's Food Emporium.
  6125 | D:8      | Noticed Prince Ribbit
  6127 | D:8      | Noticed Psyche
  6141 | D:8      | Killed Prince Ribbit
  6650 | D:7      | Reached *** piety under Okawaru
  6675 | D:8      | Killed Psyche
  6675 | D:8      | Reached skill level 12 in Maces & Flails
  6803 | D:8      | Reached XP level 11. HP: 62/66 MP: 11/11
  7316 | D:9      | Noticed a two-headed ogre
  7353 | D:9      | HP: 3/67 [two-headed ogre/giant club (6)]
  7355 | D:9      | Slain by a two-headed ogre

Vault maps used:
D:1:      saegor_arrival_miasma, minmay_surrounded
D:2:      first_bread, roderic_st_hans_cross, uniq_natasha
D:3:      portal_sewer_entry_c
D:4:      serial_shops, shop_statue, hangedman_decor_push, uniq_sigmund,
          uniq_eustachio
D:5:      basic_altar, uniq_menkaure
D:7:      cheibrodos_iron_armory, serial_park, serial_park_square2,
          serial_shops, shop, grunt_livestock
D:8:      serial_shops, shop, st_stairs_12, uniq_prince_ribbit1, uniq_psyche
D:9:      lightli_minifort
Temple:   nicolae_temple_the_god_donut
Sewer:    sewer_kobolds

Skill      XL: |  1  2  3  4  5  6  7  8  9 10 11 |
---------------+----------------------------------+-----
Maces & Flails | 3 4 5 7 9 10 11 12 | 12.2
Dodging        | 1 3 4 |  4.8
Fighting       | 4 5 6 7 |  7.2
Armour         | 4 5 6 |  6.7
Shields        | 4 5 6 |  6.9

Action                   |  1- 3 |  4- 6 |  7- 9 | 10-12 || total
-------------------------+-------+-------+-------+-------++-------
Melee: Flail             |    96 |   130 |   484 |       ||   710
       Mace              |       |       |    39 |   564 ||   603
  Use: Scroll            |       |     4 |       |     2 ||     6
       Potion            |       |       |     1 |       ||     1
 Stab: Invisible         |       |       |       |     4 ||     4
  Eat: Chunk             |       |     4 |     9 |     4 ||    17
       Meat ration       |       |       |       |     1 ||     1
Armor: Scale mail        |    65 |    59 |   200 |       ||   324
       Chain mail        |       |       |     2 |   344 ||   346
Dodge: Dodged            |    45 |    43 |   126 |   179 ||   393
Block: Shield            |    43 |    62 |   246 |   344 ||   695
